 Dungeon Crawl Stone Soup version 0.30.0-29-ga12c61a403 (webtiles) character file.

Game seed: 10567193447199298520

5 monsoonserge the Magician (level 1, -2/15 HPs)
             Began as a Djinni Venom Mage on June 24, 2023.
             Slain by a kobold
             ... wielding a +2 whip of draining
              (4 damage)
             ... on level 1 of the Dungeon.
             The game lasted 00:00:41 (47 turns).

monsoonserge the Magician (Djinni Venom Mage)         Turns: 47, Time: 00:00:42

Health: -2/15      AC:  2    Str:  7    XL:     1   Next: 88%
Gold:   0          EV: 12    Int: 16    God:
                   SH:  0    Dex: 13

rFire   + + .        b - +0 spear
rCold   x . .        (no shield)
rNeg    . . .        a - +0 robe
rPois   ∞            (no helmet)
rElec   .            (no cloak)
rCorr   .            (no gloves)
SInv    .            (boots unavailable)
Will    .....        (no amulet)
Stlth   ++           (no ring)
HPRegen 0.22/turn    (no ring)
MPRegen 0.00/turn

%: infuse magic (-3 HP)
@: flying
A: sickness immunity, fire resistance 2, cold vulnerability 1, float, innate
caster, HP casting, extra vitality 1
a: no special abilities


You were on level 1 of the Dungeon.
You visited 1 branch of the dungeon, and saw 1 of its levels.

Inventory:

Hand Weapons
 b - a +0 spear (weapon)
Armour
 a - a +0 robe (worn)


   Skills:
 + Level 2.2 Dodging
 + Level 1.5 Stealth
 * Level 2.7 Spellcasting


You knew the following spells:

 Your Spells              Type           Power      Damage    Failure   Level
a - Sting                 Tmut/Pois      40%        1d5       6%          1
b - Poisonous Vapours     Pois/Air       20%        N/A       10%         2
c - Mephitic Cloud        Conj/Pois/Air  10%        N/A       19%         3
d - Olgreb's Toxic Radia  Pois           10%        N/A       54%         4
Your spell library was empty.

Dungeon Overview and Level Annotations

Branches:
Dungeon (1/15)

Altars:


Innate Abilities, Weirdness & Mutations

You are immune to sickness and miasma.
You are immune to poison.
Your flesh is very heat resistant. (rF++)
You are vulnerable to cold. (rC-)
You float through the air rather than walking.
You learn spells naturally, not from books.
Your magical power is your life essence.
You have superior vitality. (+4 MHP)


Message History

The ball python bites you. The ball python grabs you.
The ball python constricts you.
You escape the ball python's grasp.
You kill the ball python!
Unknown command.
Casting: Sting (safe; 7% risk of failure)
Confirm with . or Enter, or press ? or * to list all spells.
Aiming: Sting (safe; 7% risk of failure)
Press: ? - help, Shift-Dir - straight line, f - endoplasm
Aim: an endoplasm (98% to hit)
The sting hits the endoplasm but does no damage.
The endoplasm is poisoned.
You barely miss the endoplasm.
The endoplasm is moderately wounded.
The endoplasm jiggles.
The endoplasm freezes you.
You are frozen.
You feel a terrible chill!
* * * LOW HITPOINT WARNING * * *
A hobgoblin comes into view.
Casting: Sting (safe; 7% risk of failure)
Confirm with . or Enter, or press ? or * to list all spells.
Aiming: Sting (safe; 7% risk of failure)
Press: ? - help, Shift-Dir - straight line, f/p - endoplasm
Aim: an endoplasm (moderately wounded, poisoned, 98% to hit)
The sting hits the endoplasm.
The endoplasm looks even sicker.
The endoplasm is heavily wounded.
* * * LOW HITPOINT WARNING * * *
The endoplasm misses you.
You hit the endoplasm.
You kill the endoplasm!
Casting: Sting (safe; 6% risk of failure)
Confirm with . or Enter, or press ? or * to list all spells.
Aiming: Sting (safe; 6% risk of failure)
Press: ? - help, Shift-Dir - straight line, f - kobold
Aim: a kobold, wielding a +2 whip of draining and quivering stones (64% to hit)
The sting hits the kobold.
The kobold is poisoned.
The kobold is heavily wounded.
* * * LOW HITPOINT WARNING * * *
The kobold hits you with a +2 whip of draining.
You die...

.......
.......##
.........
........###
.....!....
.........
.......g#
#K# ... #@#
....
###.####....
#...........
#.........#
#........##
#........#
#........#
#.....)..#
#........#


You could see a hobgoblin and a kobold (poisoned).

Vanquished Creatures
  A ball python (D:1)
  An endoplasm (D:1)
  A goblin (D:1)
  A kobold (D:1)
4 creatures vanquished.

Notes
Turn   | Place    | Note
-------+----------+-------------------------------------------
     0 | D:1      | monsoonserge the Djinni Venom Mage began the quest for the
                  | Orb.
     0 | D:1      | monsoonserge set off with the following spells memorised:
                  | Sting, Poisonous Vapours, Mephitic Cloud, Olgreb's Toxic
                  | Radiance.
     0 | D:1      | Reached XP level 1. HP: 15/15 MP: 0/0
    47 | D:1      | Slain by a kobold

Illustrated notes

Levels and vault maps discovered:
D:1:      wheals_arrival_shading, layout_rooms

Action                     || total
---------------------------++-------
  Melee: Spear             ||     2
         Unarmed           ||     1
   Cast: Sting             ||     9
  Dodge: Dodged            ||     2
